 Dungeon Crawl Stone Soup version 0.23.2-11-gf996548c65 (webtiles) character file.

Game seed: 6404210579905628954

13236 idle the Martial Artist (level 12, -5/93 HPs)
             Began as an Octopode Transmuter on June 4, 2019.
             Was an Elder of Okawaru.
             Slain by a seven-headed hydra (9 damage)
             ... on level 11 of the Dungeon.
             The game lasted 01:02:43 (16885 turns).

idle the Martial Artist (Octopode Transmuter)      Turns: 16885, Time: 01:02:43

Health: -5/93      AC:  6    Str: 12    XL:     12   Next: 3%
Magic:  27/30      EV: 14    Int: 15    God:    Okawaru [****..]
Gold:   146        SH:  0    Dex: 18    Spells: 9/23 levels left

rFire    x . .     SeeInvis .     - Unarmed
rCold    + + +     Gourm    +   (shield currently unavailable)
rNeg     + . .     Faith    .   (helmet currently unavailable)
rPois    +         Spirit   .   J - amulet "Xets" {Gourm rPois MP+9}
rElec    +         Reflect  .   g - ring of positive energy
rCorr    .         Harm     .   o - +2 ring of evasion
MR       +....                  v - ring of protection from magic
Stlth    ++++......             u - ring of stealth
HPRegen  0.25/turn              I - ring "Zeucump" {rElec Str+3 Slay+5}
MPRegen  0.22/turn              (no ring)
                                (no ring)
                                (no ring)

@: confusing touch, ice-form
A: large, almost no armour, stealthy swim, amphibious, 8 rings, (constrict 8)
a: End Transformation, Heroism, Renounce Religion


You were on level 11 of the Dungeon.
You worshipped Okawaru.
Okawaru was greatly pleased with you.
You were completely stuffed.
You were a creature of crystalline ice.
You visited 2 branches of the dungeon, and saw 12 of its levels.

You collected 2197 gold pieces.
You spent 2051 gold pieces at shops.

Inventory:

Hand Weapons
 b - the +4 dagger "Pendulum" {flame, +Rage rPois rC-}
   (You found it on level 4 of the Dungeon)

   It has been specially enchanted to burn those struck by it, causing extra
   injury to most foes and up to half again as much damage against particularly
   susceptible opponents.
   It makes you vulnerable to cold.
   It protects you from poison.
   It lets you go berserk.
 z - a +4 scimitar of flaming
 F - a +1 fustibalus of flaming
Missiles
 a - 374 arrows
 G - 2 throwing nets (quivered)
 K - 4 silver javelins
Jewellery
 g - a ring of positive energy (left front paw)
 o - a +2 ring of evasion (right front paw)
 u - a ring of stealth (on tentacle)
 v - a ring of protection from magic (on tentacle)
 I - the ring "Zeucump" (on tentacle) {rElec Str+3 Slay+5}
   (You bought it in a shop on level 4 of the Dungeon)

   [ring of slaying]

   It affects your strength (+3).
   It affects your accuracy and damage with ranged weapons and melee attacks
   (+5).
   It insulates you from electricity.
 J - the amulet "Xets" (around neck) {Gourm rPois MP+9}
   (You bought it in a shop on level 4 of the Dungeon)

   [amulet of the gourmand]

   It allows you to eat raw meat even when not hungry.
   It protects you from poison.
   It affects your magic capacity (+9).
Wands
 q - a wand of enslavement (9)
 w - a wand of flame (32)
 x - a wand of paralysis (12)
 y - a wand of iceblast (12)
 C - a wand of acid (10)
 E - a wand of random effects (30)
Scrolls
 h - 2 scrolls of teleportation
 m - a scroll of magic mapping
 p - 3 scrolls of remove curse
 s - 3 scrolls of fear
 t - 2 scrolls of fog
 A - 4 scrolls of identify
 B - a scroll of enchant armour
 D - a scroll of enchant weapon
Potions
 d - 2 potions of berserk rage
 e - 2 potions of cancellation
 f - a potion of curing
 i - 3 potions of haste
 j - 3 potions of resistance
 k - 2 potions of flight
 l - 5 potions of might
 n - 2 potions of lignification
Miscellaneous
 H - a phial of floods
Comestibles
 c - 19 rations


   Skills:
 + Level 5.7 Fighting
 - Level 0.4 Short Blades
 + Level 4.3 Dodging
 - Level 3.8 Stealth
 + Level 10.1 Unarmed Combat
 + Level 6.1 Spellcasting
 - Level 2.0 Hexes
 * Level 2.9 Charms
 * Level 2.8 Necromancy
 - Level 8.0 Transmutations
 - Level 7.7 Ice Magic
 - Level 4.2 Poison Magic
 - Level 4.0 Invocations
 - Level 0.3 Evocations


You had 9 spell levels left.
You knew the following spells:

 Your Spells              Type           Power        Failure   Level  Hunger
a - Beastly Appendage     Tmut           ####..       1%          1    None
b - Sticks to Snakes      Tmut           ####....     1%          2    #......
c - Spider Form           Tmut/Pois      ###.......   3%          3    ##.....
d - Ice Form              Ice/Tmut       ####....     6%          4    ####...
e - Confusing Touch       Hex            ##....       6%          1    None
f - Regeneration          Chrm/Necr      ##........   13%         3    ##.....

Your spell library contained the following spells:

 Spells                   Type           Power        Failure   Level  Hunger
 Animate Skeleton         Necr           N/A          4%          1    None
 Pain                     Necr           ##..         4%          1    None
 Sublimation of Blood     Necr           ##........   7%          2    #......
 Ignite Poison            Fire/Tmut/Pois ###.....     9%          3    ##.....
 Vampiric Draining        Necr           ##........   13%         3    ##.....
 Apportation              Tloc           #.....       14%         1    None
 Flame Tongue             Conj/Fire      #....        14%         1    None
 Summon Small Mammal      Summ           #...         14%         1    None
 Blade Hands              Tmut           ####......   16%         5    ######.
 Throw Flame              Conj/Fire      #.....       22%         2    #......
 Inner Flame              Hex/Fire       #.......     28%         3    ##.....
 Petrify                  Tmut/Erth      ###.....     28%         4    ####...
 Alistair's Intoxication  Tmut/Pois      ###.....     32%         5    ######.
 Conjure Flame            Conj/Fire      #.......     41%         3    ##.....
 Animate Dead             Necr           N/A          41%         4    ####...
 Irradiate                Conj/Tmut      ###.......   61%         5    ######.
 Sticky Flame             Conj/Fire      #.......     82%         4    ####...
 Fireball                 Conj/Fire      #.........   99%         5    ######.


Dungeon Overview and Level Annotations

Branches:
Dungeon (11/15)            Temple (1/1) D:4            Lair (0/6) D:9
    Orc: D:9-12

Altars:
Cheibriados
Dithmenos
Elyvilon
Hepliaklqana
Okawaru
Ru
Vehumet
Yredelemnul
The Shining One

Shops:
D:4 =

Annotations:
D:3 exclusion: downstairs
D:4 Blork the orc
D:8 2 transporters, exclusion: downstairs, shugdite's ghost, novice MiMo
D:10 exclusion: downstairs


Innate Abilities, Weirdness & Mutations

You cannot wear most types of armour.
You are very stealthy in the water. (Stealth+)
You are amphibious.
You can wear up to eight rings at the same time.
((You can use your tentacles to constrict eight enemies at once.))
((Your skin changes colour to match your surroundings (Stealth+).))
((Your rubbery body absorbs attacks. (AC +1, EV +1)))


Message History

The seven-headed hydra bites you. x2
The seven-headed hydra barely misses you.
You hit the seven-headed hydra but do no damage.
You hit the seven-headed hydra but do no damage.
The seven-headed hydra bites you.
The seven-headed hydra bites you but does no damage. x3
The seven-headed hydra bites you! x2
* * * LOW HITPOINT WARNING * * *
The seven-headed hydra bites you!
* * * LOW HITPOINT WARNING * * *
Okay, then.
The seven-headed hydra bites you but does no damage.
The seven-headed hydra completely misses you.
The seven-headed hydra bites you!
* * * LOW HITPOINT WARNING * * *
The seven-headed hydra barely misses you.
The seven-headed hydra bites you.
* * * LOW HITPOINT WARNING * * *
The seven-headed hydra bites you!
You die...

..........#...#...####
.######...#...'...#
#...#...#...########
+...#...#...........
#...#...#...........
#...#.. #...........
#...#. #...........
####... #...........
.......#####Y..........
...........D...........
######.................
#################


You could see a seven-headed hydra.

Vanquished Creatures
  Erica (D:8)
  A centaur warrior (D:10)
  Pikel (D:7)
  An orc knight (D:7)
  An orc sorcerer (D:7)
  An ugly thing (D:7)
  A manticore (D:11)
  A kobold demonologist (D:9)
  A redback zombie (D:11)
  2 trolls (D:10)
  A hornet (D:9)
  2 hippogriffs
  2 yaks
  A human (D:7)
  3 hogs (D:7)
  Grum (D:9)
  A steam dragon (D:7)
  4 hungry ghosts
  2 wargs (D:9)
  5 orc warriors
  10 ice beasts
  A black bear (D:10)
  4 sky beasts
  A phantom (D:8)
  3 wolves (D:9)
  10 centaurs
  3 ogres
  2 big kobolds
  6 bullfrogs
  5 scorpions
  9 killer bees
  A howler monkey (D:8)
  5 wights (D:9)
  A centaur zombie (D:5)
  3 crimson imps
  4 jellies
  A quasit (D:10)
  5 hounds
  A gnoll shaman (D:9)
  2 bullfrog skeletons
  13 orc priests
  12 orc wizards
  8 worker ants
  5 iguanas
  A killer bee zombie (D:7)
  2 hound skeletons
  3 worker ant zombies
  12 gnolls
  A howler monkey skeleton (D:4)
  18 adders
  2 shadow imps
  4 oozes
  3 adder zombies
  3 adder skeletons
  4 worms
  2 dart slugs
  7 leopard geckos
  52 orcs
  2 ball pythons
  8 giant cockroaches
  7 hobgoblins
  22 jackals
  11 kobolds
  3 quokkas
  8 bats
  4 frilled lizards
  6 goblins
  A jackal skeleton (D:4)
  2 quokka zombies
  11 rats
347 creatures vanquished.

Vanquished Creatures (collateral kills)
  An adder (D:3)
1 creature vanquished.

Vanquished Creatures (others)
  A slave (D:7)
1 creature vanquished.

Grand Total: 349 creatures vanquished

Notes
Turn   | Place    | Note
-------+----------+-------------------------------------------
     0 | D:1      | idle the Octopode Transmuter began the quest for the Orb.
     0 | D:1      | Reached XP level 1. HP: 13/13 MP: 3/3
    76 | D:1      | Reached XP level 2. HP: 15/18 MP: 3/5
   848 | D:1      | Reached XP level 3. HP: 23/23 MP: 6/6
   883 | D:1      | Learned a level 2 spell: Sticks to Snakes
   887 | D:1      | Learned a level 3 spell: Spider Form
  1394 | D:2      | Reached skill level 1 in Stealth
  1401 | D:2      | Reached skill level 1 in Poison Magic
  1649 | D:2      | Reached XP level 4. HP: 27/28 MP: 7/7
  1842 | D:2      | Reached skill level 4 in Unarmed Combat
  2405 | D:3      | Reached XP level 5. HP: 20/33 MP: 8/8
  3463 | D:3      | Reached XP level 6. HP: 38/38 MP: 6/10
  4322 | D:4      | Learned a level 4 spell: Ice Form
  4346 | D:4      | Got a translucent dagger
  4347 | D:4      | Identified the +4 dagger "Pendulum" {flame, +Rage rPois
                  | rC-} (You found it on level 4 of the Dungeon)
  4387 | D:4      | Reached skill level 5 in Unarmed Combat
  4754 | D:4      | Noticed a sky beast
  5357 | D:4      | Found Voreuphe's Jewellery Shop.
  5362 | D:4      | Reached XP level 7. HP: 28/43 MP: 11/11
  5791 | D:4      | Found a staircase to the Ecumenical Temple.
  5816 | Temple   | Entered the Ecumenical Temple
  5842 | Temple   | Became a worshipper of Warmaster Okawaru
  5942 | D:4      | Noticed Blork the orc
  6007 | D:5      | Entered Level 5 of the Dungeon
  6818 | D:5      | Reached * piety under Okawaru
  6891 | D:5      | Reached XP level 8. HP: 44/50 MP: 9/13
  7045 | D:5      | Reached skill level 6 in Unarmed Combat
  7525 | D:6      | Reached ** piety under Okawaru
  7622 | D:6      | Reached skill level 1 in Invocations
  8308 | D:6      | Found a glowing golden altar of the Shining One.
  8452 | D:7      | Reached skill level 7 in Unarmed Combat
  8452 | D:7      | Reached skill level 1 in Ice Magic
  8507 | D:7      | Reached XP level 9. HP: 47/54 MP: 16/16
  8585 | D:7      | Reached *** piety under Okawaru
  8829 | D:7      | Reached skill level 5 in Spellcasting
  8849 | D:7      | Noticed a green ugly thing
  8951 | D:7      | Reached skill level 8 in Unarmed Combat
  9572 | D:7      | Reached **** piety under Okawaru
  9701 | D:7      | Killed a green ugly thing
  9701 | D:7      | Reached skill level 5 in Ice Magic
  9748 | D:7      | Reached XP level 10. HP: 23/60 MP: 8/17
  9779 | D:7      | Learned a level 1 spell: Confusing Touch
  9996 | D:7      | Learned a level 3 spell: Regeneration
 10004 | D:7      | Found the +9 scales of the Dragon King {rPois rF+ rC+ MR+}
 10006 | D:7      | Noticed an orc knight
 10019 | D:7      | Noticed an orc sorcerer
 10022 | D:7      | Killed an orc sorcerer
 10032 | D:7      | Killed an orc knight
 10032 | D:7      | Received a gift from Okawaru
 10323 | D:7      | Got a warped mace
 10326 | D:7      | Identified the cursed +2 mace "Qifesusm" {drain, +Inv rF+
                  | rC+ MR-} (You found it on level 7 of the Dungeon)
 10394 | D:7      | Noticed Pikel
 10405 | D:7      | Killed Pikel
 10405 | D:7      | Reached ***** piety under Okawaru
 10405 | D:7      | Reached skill level 5 in Transmutations
 10741 | D:7      | Identified the cursed +1 leather armour of Lesser Demons
                  | {rElec rN++ Int+3}
 11062 | D:8      | Noticed Erica
 11074 | D:8      | Killed Erica
 11165 | D:8      | Found a transporter.
 11165 | D:8      | Noticed a cyclops
 11168 | D:8      | Noticed shugdite's ghost (novice MiMo)
 11264 | D:8      | Found a transporter.
 11619 | D:8      | Reached skill level 5 in Fighting
 11685 | D:8      | Reached XP level 11. HP: 69/71 MP: 18/18
 12023 | D:9      | Found a sacrificial altar of Ru.
 12083 | D:9      | Received a gift from Okawaru
 12234 | D:9      | Noticed Grum
 12253 | D:9      | HP: 1/85 [wolf[Grum] (11)]
 12255 | D:9      | Found a transporter.
 12678 | D:9      | Reached skill level 1 in Hexes
 12861 | D:9      | Found a transporter.
 13369 | D:9      | Killed Grum
 13668 | D:9      | Reached skill level 9 in Unarmed Combat
 13770 | D:9      | Found a staircase to the Lair.
 14416 | D:9      | Reached skill level 1 in Necromancy
 14544 | D:9      | Reached ****** piety under Okawaru
 14544 | D:9      | Reached skill level 1 in Charms
 14682 | D:10     | Entered Level 10 of the Dungeon
 14689 | D:10     | Identified a scroll of acquirement
 14849 | D:4      | Bought the ring "Zeucump" {rElec Str+3 Slay+5} for 1390
                  | gold pieces
 14849 | D:4      | Bought the amulet "Xets" {Gourm rPois MP+9} for 661 gold
                  | pieces
 15126 | D:10     | Noticed a centaur warrior
 15815 | D:10     | Killed a centaur warrior
 16242 | D:11     | Received a gift from Okawaru
 16327 | D:11     | Noticed a manticore
 16333 | D:11     | Killed a manticore
 16472 | D:11     | Reached skill level 10 in Unarmed Combat
 16617 | D:11     | Reached XP level 12. HP: 78/78 MP: 21/21
 16874 | D:11     | Noticed a seven-headed hydra
 16885 | D:11     | HP: 4/93 [seven-headed hydra (6)]
 16885 | D:11     | Slain by a seven-headed hydra

Skill      XL: |  1  2  3  4  5  6  7  8  9 10 11 |
---------------+----------------------------------+-----
Stealth        | 1 3 |  3.8
Poison Magic   | 1 2 3 4 |  4.2
Unarmed Combat | 4 5 7 8 10 | 10.1
Dodging        | 3 4 |  4.3
Spellcasting   | 3 4 5 6 |  6.1
Transmutations | 3 4 7 8 |  8.0
Fighting       | 2 5 |  5.7
Invocations    | 2 3 4 |  4.0
Ice Magic      | 1 6 7 |  7.7
Hexes          | 2 |  2.0
Necromancy     | 2 |  2.8
Charms         | 2 |  2.9
Short Blades   | |  0.4
Evocations     | |  0.3

Action                   |  1- 3 |  4- 6 |  7- 9 | 10-12 || total
-------------------------+-------+-------+-------+-------++-------
Melee: Unarmed           |   102 |   123 |   265 |   461 ||   951
       Kick              |    13 |    12 |    37 |    32 ||    94
       Constrict         |    24 |    30 |    31 |    24 ||   109
       Tentacles         |    15 |    20 |    27 |    18 ||    80
       Punch             |     1 |     3 |     7 |     5 ||    16
       Dagger            |       |    33 |    31 |       ||    64
 Cast: Beastly Appendage |    11 |    11 |    18 |    24 ||    64
       Spider Form       |       |     4 |    12 |    13 ||    29
       Sticks to Snakes  |       |     1 |     6 |       ||     7
       Ice Form          |       |       |     9 |    27 ||    36
       Confusing Touch   |       |       |       |     5 ||     5
       Regeneration      |       |       |       |    15 ||    15
Invok: Heroism           |       |       |     2 |     4 ||     6
 Abil: Evoke Berserk Rag |       |     1 |       |       ||     1
       End Transformatio |       |       |       |     1 ||     1
  Use: Scroll            |     2 |     8 |    11 |     7 ||    28
       Potion            |       |     2 |       |     5 ||     7
 Stab: Sleeping          |     6 |     4 |     8 |     8 ||    26
       Confused          |       |       |       |     5 ||     5
       Distracted        |       |       |       |     1 ||     1
  Eat: Chunk             |     2 |     9 |    19 |    44 ||    74
       Ration            |       |     2 |       |       ||     2
Armor: Skin              |     8 |     3 |    21 |    60 ||    92
Dodge: Dodged            |    73 |   106 |   225 |   361 ||   765
